 Dungeon Crawl Stone Soup version 0.31-a0-986-g5e6e4ef867 (webtiles) character file.

Game seed: 4717515649142050269

1323 Jedisixx the Covered (level 8, -8/70 HPs)
             Began as a Minotaur Fighter on Nov 10, 2023.
             Mangled by a yak (13 damage)
             ... on level 9 of the Dungeon.
             The game lasted 00:04:39 (1327 turns).

Jedisixx the Covered (Minotaur Fighter)             Turns: 1327, Time: 00:04:39

Health: -8/70      AC: 13    Str: 24    XL:     8   Next: 33%
Magic:  7/7        EV: 12    Int:  5    God:
Gold:   33         SH:  4    Dex:  9    Spells: 7/7 levels left

rFire   . . .        f - +1 flail (protect)
rCold   . . .        c - +0 buckler
rNeg    . . .        e - +0 steam dragon scales
rPois   .            (helmet restricted)
rElec   .            (no cloak)
rCorr   .            (no gloves)
SInv    .            (no boots)
Will    .....        (no amulet)
Stlth   +            (no ring)
HPRegen 0.31/turn    (no ring)
MPRegen 0.10/turn

%: no passive effects
@: under a protective aura
A: horns 2, retaliatory headbutt
a: no special abilities


You were on level 9 of the Dungeon.
You visited 1 branch of the dungeon, and saw 9 of its levels.

You collected 33 gold pieces.

Inventory:

Hand Weapons
 a - a +0 war axe
 f - a +1 flail of protection (weapon)
Armour
 b - a +0 scale mail
 c - a +0 buckler (worn)
 e - +0 steam dragon scales (worn)
Scrolls
 d - a scroll of amnesia


   Skills:
 + Level 6.1 Fighting
 + Level 6.3(6.9) Axes
 + Level 3.9(5.7) Maces & Flails
 + Level 7.1 Armour
 + Level 3.4 Dodging
 + Level 0.3 Stealth
 + Level 5.3 Shields


You had 7 spell levels left.
You didn't know any spells.
Your spell library was empty.

Dungeon Overview and Level Annotations

Branches:
Dungeon (9/15)
 Temple: D:4-7         Lair: D:8-11         Orc: D:9-12

Altars:


Innate Abilities, Weirdness & Mutations

You have a pair of horns on your head.
You reflexively headbutt those who attack you in melee.


Message History

The yak is almost dead.
The yak barely misses you. You furiously retaliate!
You headbutt the yak! The yak gores you but does no damage.
The yak barely misses you.
You sock the yak!
You kill the yak!
The yak gores you but does no damage. The yak barely misses you.
Your Fighting skill increases to level 6!
Your base Maces & Flails skill increases to level 3!
Your Armour skill increases to level 7!
You barely miss the yak. You headbutt the yak, but do no damage.
The yak gores you but does no damage. The yak gores you. The yak gores you!
You hit the yak.
The yak is lightly wounded.
The yak closely misses you.
The yak gores you but does no damage. x2
You hit the yak but do no damage.
The yak is lightly wounded.
The yak gores you! The yak gores you. x2
* * * LOW HITPOINT WARNING * * *
As you read the scroll labelled MOLAAT LUXUMED, it crumbles to dust.
It is a scroll of identify.
d - a scroll of amnesia You hit the yak but do no damage.
The yak is lightly wounded.
The yak gores you!
* * * LOW HITPOINT WARNING * * *
You block the yak's attack.
You hit the yak.
The yak is moderately wounded.
The yak barely misses you. You furiously retaliate!
You headbutt the yak! You block the yak's attack. x3
You hit the yak. You headbutt the yak!
You kill the yak!
The yak gores you but does no damage.
You see here a yak corpse.
You hit the yak. You headbutt the yak!
The yak is moderately wounded.
The yak gores you!
* * * LOW HITPOINT WARNING * * *
The yak gores you!
You die...

#....# #....#
######....#........
#.........#.........
#.........#.........
#.........#........
#......†..#........
##Y###.....#
#.@Y.......#
#..........#
#.....)....#
#..........#
######..........#
#....#..........#
#....#..........#
#....'..........#
#...<#..........#


You could see 2 yaks.

Vanquished Creatures
  Maggie (D:8)
  2 yaks (D:9)
  A water moccasin (D:5)
  A phantom (D:5)
  2 scorpions (D:5)
  A howler monkey (D:5)
  A jelly (D:5)
  A hound (D:6)
  A gnoll bouda (D:7)
  An orc priest (D:6)
  3 iguanas
  2 orc wizards (D:9)
  11 gnolls
  3 adders
  2 shadow imps
  A white imp (D:7)
  2 ufetubi (D:5)
  6 orcs
  2 ball pythons
  A bat (D:2)
  An endoplasm (D:3)
  2 giant cockroaches
  A hobgoblin (D:1)
  2 jackals (D:2)
  2 frilled lizards
53 creatures vanquished.

Notes
Turn   | Place    | Note
-------+----------+-------------------------------------------
     0 | D:1      | Jedisixx the Minotaur Fighter began the quest for the Orb.
     0 | D:1      | Reached XP level 1. HP: 19/19 MP: 0/0
   139 | D:2      | Reached XP level 2. HP: 23/27 MP: 1/1
   344 | D:4      | Reached skill level 4 in Armour
   352 | D:4      | Reached XP level 3. HP: 7/33 MP: 2/2
   499 | D:5      | Entered Level 5 of the Dungeon
   505 | D:5      | Reached XP level 4. HP: 39/40 MP: 3/3
   515 | D:5      | Noticed a water moccasin
   520 | D:5      | Killed a water moccasin
   521 | D:5      | Reached skill level 5 in Armour
   521 | D:5      | Reached skill level 1 in Dodging
   521 | D:5      | Reached XP level 5. HP: 43/47 MP: 4/4
   550 | D:5      | Noticed a phantom
   551 | D:5      | Reached XP level 6. HP: 27/53 MP: 5/5
   563 | D:5      | Reached skill level 5 in Fighting
   563 | D:5      | Reached skill level 5 in Shields
   566 | D:5      | Reached skill level 5 in Axes
   569 | D:5      | Reached skill level 6 in Armour
   573 | D:5      | Reached XP level 7. HP: 4/61 MP: 6/6
  1192 | D:8      | Identified the "Jege"
  1192 | D:8      | Noticed Maggie
  1201 | D:8      | Killed Maggie
  1265 | D:9      | Reached XP level 8. HP: 70/70 MP: 7/7
  1318 | D:9      | Reached skill level 7 in Armour
  1327 | D:9      | Mangled by a yak

Illustrated notes

Levels and vault maps discovered:
D:1:      shiori_shiawase, layout_basic, st_stairs_2, minmay_tetromino_t2
D:2:      layout_rooms, grunt_decor_fettered, minmay_tall_x
D:3:      minmay_door_path, layout_loops_corners, general_overflow_altar,
          minmay_overflow_temple_star_hex, lemuel_crystal_altar,
          minmay_starry_boxes, uniq_robin
D:4:      layout_basic, nicolae_wu_jian_wuxing_cycle,
          gammafunk_temple_overflow_wave
D:5:      layout_rooms, nicolae_ashenzari_panopticon
D:6:      layout_rooms, chequers_serial_rivers_micro_b,
          chequers_serial_rivers_micro_b
D:7:      layout_cave_pools, minmay_temple_entry_from_below_b
D:8:      layout_loops_cross, biasface_ghost_orc_armoury,
          nicolae_have_a_lightning_rod, uniq_maggie
D:9:      layout_grid_maze, david_orc_2, serial_shops, nicolae_shop_scrapyard,
          minivault_16

Skill      XL: |  1  2  3  4  5  6  7  8 |
---------------+-------------------------+-----
Shields        | 4 5 |  5.3
Armour         | 4 5 6 7 |  7.1
Fighting       | 4 5 6 |  6.1
Axes           | 3 4 5 6 |  6.3
Dodging        | 1 2 3 |  3.4
Maces & Flails | 2 3 |  3.9
Stealth        | |  0.3

Action                     |  1- 3 |  4- 6 |  7- 9 || total
---------------------------+-------+-------+-------++-------
  Melee: War axe           |    35 |    37 |    17 ||    89
         Headbutt          |     2 |     6 |    13 ||    21
         Flail             |       |       |    66 ||    66
    Use: Potion            |       |     1 |       ||     1
         Scroll            |       |       |     2 ||     2
 Armour: Scale mail        |    30 |    39 |    42 ||   111
         Steam dragon scal |       |       |    50 ||    50
  Dodge: Dodged            |    25 |    33 |    59 ||   117
  Block: Buckler           |     8 |     7 |    15 ||    30

Table legend: (Time is in decaauts)
 A = Elapsed time spent in this place.
 B = Non-inter-level travel time spent in this place.
 C = Inter-level travel time spent in this place.
 D = Time resting spent in this place.
 E = Time spent auto-exploring this place.
 F = Levels seen in this place.
 G = Mean time per level.
                   A        B        C        D        E       F      G
               +--------+--------+--------+--------+--------+-----+--------+
         Total |   1368 |    920 |    448 |    573 |      0 |   9 |  152.0 |
       Dungeon |   1368 |    920 |    448 |    573 |      0 |   9 |  152.0 |
               +--------+--------+--------+--------+--------+-----+--------+

Top non-repeatable levels by time:
     D:5: 290 daAuts
     D:7: 264 daAuts
     D:3: 183 daAuts
     D:4: 165 daAuts
     D:6: 159 daAuts
     D:9: 89 daAuts
     D:2: 88 daAuts
     D:1: 74 daAuts
     D:8: 54 daAuts
